 Dungeon Crawl Stone Soup version 0.29-a0-1008-g949cc1d0fb (webtiles) character file.

Game seed: 849040342100713372

81 RevDB the Shooter (level 4, -1/26 HPs)
             Began as a Kobold Hunter on Aug 7, 2022.
             Slain by Natasha (7 damage)
             ... on level 2 of the Dungeon.
             The game lasted 00:11:25 (886 turns).

RevDB the Shooter (Kobold Hunter)                    Turns: 886, Time: 00:11:27

Health: -1/26      AC:  3    Str:  8    XL:     4   Next: 68%
Magic:  4/4        EV: 14    Int: 16    God:
Gold:   186        SH:  0    Dex: 20    Spells: 3/3 levels left

rFire   . . .      SeeInvis .   a - +0 shortbow
rCold   . . .      Faith    .   (shield currently unavailable)
rNeg    . . .      Spirit   .   c - +0 leather armour
rPois   .          Reflect  .   (no helmet)
rElec   .          Harm     .   (no cloak)
rCorr   .          Rampage  .   (no gloves)
Will    .....                   (no boots)
Stlth   +++.......              (no amulet)
HPRegen 0.08/turn               k - +6 ring of intelligence
MPRegen 0.09/turn               (no ring)

@: no status effects
A: small, no large weapons, nightstalker 3
a: no special abilities


You were on level 2 of the Dungeon.
You visited 1 branch of the dungeon, and saw 2 of its levels.

You collected 205 gold pieces.
You donated 19 gold pieces to Zin.

Inventory:

Hand Weapons
 a - a +0 shortbow (weapon)
Missiles
 d - 3 poisoned darts
Armour
 c - a +0 leather armour (worn)
Jewellery
 k - a +6 ring of intelligence (left hand)
Scrolls
 b - a scroll of immolation
 g - a scroll of vulnerability {unknown}
 j - a scroll of butterflies {unknown}
Potions
 e - 2 potions of flight {unknown}
 f - a potion of brilliance {unknown}
 h - 2 potions of attraction {unknown}
 i - a potion of invisibility {unknown}
 l - a potion of mutation {unknown}


   Skills:
 - Level 2.1 Fighting
 + Level 6.9 Ranged Weapons
 - Level 2.0 Throwing
 - Level 2.4 Dodging
 - Level 2.0 Stealth


You had 3 spell levels left.
You didn't know any spells.
Your spell library was empty.

Dungeon Overview and Level Annotations

Branches:
Dungeon (2/15)

Altars:
Zin

Shops:
D:1 (

Annotations:
D:2 Natasha


Innate Abilities, Weirdness & Mutations

You are small and have problems with some larger weapons.
You are completely attuned to the shadows.


Message History

Press: ? - help, Q - select action, (/) - cycle Shift-Dir - straight line, f/p - adder
Aim: an adder (severely wounded, 51% to hit)
You shoot an arrow. The arrow hits the adder!
You kill the adder!
You feel sick. Natasha barely misses you.
The crimson imp blinks!
Fire: a) +0 shortbow
Press: ? - help, Q - select action, (/) - cycle Shift-Dir - straight line, f - Natasha
Aim: Natasha (60% to hit)
You shoot an arrow. The arrow hits Natasha.
Natasha is lightly wounded.
You feel sick. The crimson imp closely misses you. Natasha closely misses you.
The crimson imp closely misses you.
Fire: a) +0 shortbow
Press: ? - help, Q - select action, (/) - cycle Shift-Dir - straight line, f/p - Natasha
Aim: Natasha (lightly wounded, 60% to hit)
You shoot an arrow. The arrow barely misses Natasha.
You feel sick. Natasha barely misses you. The crimson imp barely misses you.
The crimson imp hits you but does no damage.
Natasha barely misses you.
Fire: a) +0 shortbow
Press: ? - help, Q - select action, (/) - cycle Shift-Dir - straight line, f/p - Natasha
Aim: Natasha (lightly wounded, 60% to hit)
You shoot an arrow. The arrow closely misses Natasha.
You feel sick.
You are no longer poisoned.
The crimson imp closely misses you. x2; Natasha barely misses you.
The crimson imp barely misses you.
Fire: a) +0 shortbow
Press: ? - help, Q - select action, (/) - cycle Shift-Dir - straight line, f/p - Natasha
Aim: Natasha (lightly wounded, 60% to hit)
You shoot an arrow. The arrow barely misses Natasha.
The crimson imp hits you but does no damage.
Natasha closely misses you.
The crimson imp blinks!
Fire: a) +0 shortbow
Press: ? - help, Q - select action, (/) - cycle Shift-Dir - straight line, f/p - Natasha
Aim: Natasha (lightly wounded, 60% to hit)
You shoot an arrow. The arrow misses Natasha.
The crimson imp hits you but does no damage.
Natasha claws you!
You die...

##...##.......##
##
#...##.......#
##...##.....).#
#⌠...8########
##...## #...#
##...## #85h58#
##.@.## #..§†#
......# ####...
.....


You could see Natasha and 2 crimson imps.

Vanquished Creatures
  Natasha (D:2)
  An adder (D:2)
  A dart slug (D:1)
  An endoplasm (D:1)
  5 goblins
  8 hobgoblins
  2 jackals (D:1)
  4 kobolds (D:1)
  A quokka (D:2)
  6 ball pythons
  5 bats
  4 frilled lizards
  5 rats
44 creatures vanquished.

Notes
Turn   | Place    | Note
-------+----------+-------------------------------------------
     0 | D:1      | RevDB the Kobold Hunter began the quest for the Orb.
     0 | D:1      | Reached XP level 1. HP: 12/12 MP: 1/1
    65 | D:1      | Found Dudoqak's Antique Weapon Shop.
    73 | D:1      | Reached skill level 1 in Throwing
    73 | D:1      | Reached XP level 2. HP: 17/17 MP: 2/2
   159 | D:1      | Reached XP level 3. HP: 12/21 MP: 3/3
   435 | D:1      | Reached skill level 6 in Ranged Weapons
   803 | D:2      | Found a glowing silver altar of Zin.
   809 | D:2      | Became a worshipper of Zin the Law-Giver
   809 | D:2      | Reached * piety under Zin
   834 | D:2      | Fell from the grace of Zin
   855 | D:2      | Reached XP level 4. HP: 26/26 MP: 4/4
   870 | D:2      | Noticed Natasha
   875 | D:2      | Killed Natasha
   877 | D:2      | Noticed Natasha
   886 | D:2      | Slain by Natasha

Illustrated notes

Levels and vault maps discovered:
D:1:      lightli_arrival_lavapool, layout_rooms, serial_shops,
          nicolae_shop_crystal, st_stairs_9, dreamdust_wishing_well,
          minmay_misc_feat_more_columns, interstate_on_off,
          roderic_st_hans_cross, chequers_decorated_corner
D:2:      layout_basic, serial_corexii_hall, corexii_hall_statues_i,
          corexii_hall_statues_x, basic_altar,
          shapermc_ecumenical_altar_mp_urbaneastern, kennysheep_generic_room_2,
          uniq_natasha

Skill      XL: |  1  2  3 |
---------------+----------+-----
Throwing       | 1 2 |  2.0
Stealth        | 2 |  2.0
Ranged Weapons | 6 |  6.9
Fighting       | |  2.1
Dodging        | |  2.4

Action                   |  1- 3 |  4- 6 || total
-------------------------+-------+-------++-------
 Fire: Shortbow          |    95 |    15 ||   110
Invok: Renounce Religion |     1 |       ||     1
Armor: Leather armour    |    11 |     3 ||    14
Dodge: Dodged            |    63 |    20 ||    83

Table legend: (Time is in decaauts)
 A = Elapsed time spent in this place.
 B = Non-inter-level travel time spent in this place.
 C = Inter-level travel time spent in this place.
 D = Time resting spent in this place.
 E = Time spent auto-exploring this place.
 F = Levels seen in this place.
 G = Mean time per level.
                   A        B        C        D        E       F      G
               +--------+--------+--------+--------+--------+-----+--------+
         Total |    915 |    901 |     14 |      0 |     82 |   2 |  457.5 |
       Dungeon |    915 |    901 |     14 |      0 |     82 |   2 |  457.5 |
               +--------+--------+--------+--------+--------+-----+--------+

Top non-repeatable levels by time:
     D:1: 620 daAuts
     D:2: 294 daAuts
